 Dungeon Crawl Stone Soup version 0.29.1-15-g9cfb28693d (webtiles) character file.

Game seed: 12657460441280371217

312 Arctor the Insei (level 6, -5/51 HPs)
             Began as a Draconian Transmuter on Feb 24, 2023.
             Succumbed to a gnoll sergeant's poison
             ... on level 4 of the Dungeon.
             The game lasted 00:03:45 (5857 turns).

Arctor the Insei (Draconian Transmuter)             Turns: 5857, Time: 00:03:46

Health: -5/51      AC:  7    Str: 13    XL:     6   Next: 18%
Magic:  10/10      EV: 12    Int: 13    God:
Gold:   154        SH:  3    Dex: 13    Spells: 7/11 levels left

rFire   . . .      SeeInvis .   l - +1 dagger (venom)
rCold   . . .      Faith    .   d - +0 buckler
rNeg    . . .      Spirit   .   (body armour unavailable)
rPois   .          Reflect  .   (helmet restricted)
rElec   .          Harm     .   g - +0 cloak
rCorr   .          Rampage  .   (no gloves)
Will    .....                   (no boots)
Stlth   +.........              (no amulet)
HPRegen 0.17/turn               (no ring)
MPRegen 0.12/turn               (no ring)

@: lethally poisoned (-5 -> -46)
A: AC +6, unfitting armour, cold-blooded
a: no special abilities


You were on level 4 of the Dungeon.
You visited 1 branch of the dungeon, and saw 5 of its levels.

You collected 154 gold pieces.

Inventory:

Hand Weapons
 l - a +1 dagger of venom (weapon)
Armour
 d - a +0 buckler (worn)
 g - a +0 cloak (worn)
 k - a +0 pair of boots
Scrolls
 b - a scroll of summoning
 i - a scroll of blinking {unknown}
 m - a scroll of fear {unknown}
 n - a scroll of noise {unknown}
Potions
 a - a potion of lignification
 c - 6 potions of heal wounds
 e - 3 potions of attraction {unknown}
 f - a potion of brilliance {unknown}
 h - 3 potions of mutation {unknown}
 j - 2 potions of flight {unknown}


   Skills:
 + Level 3.1 Fighting
 + Level 3.1 Dodging
 + Level 4.0 Unarmed Combat
 + Level 3.1 Spellcasting
 + Level 3.3 Transmutations


You had 7 spell levels left.
You knew the following spells:

 Your Spells              Type           Power      Damage    Failure   Level
a - Beastly Appendage     Tmut           20%        N/A       8%          1
b - Spider Form           Tmut/Pois      6%         N/A       43%         3

Your spell library contained the following spells:

 Spells                   Type           Power      Damage    Failure   Level
 Wereblood                Tmut           10%        N/A       12%         2
 Blink                    Tloc           4%         N/A       43%         2
 Lesser Beckoning         Tloc           2%         N/A       67%         3
 Ice Form                 Ice/Tmut       6%         N/A       83%         4
 Anguish                  Hex/Necr       1%         N/A       97%         4
 Manifold Assault         Tloc           2%         N/A       100%        5
 Enfeeble                 Hex            1%         N/A       100%        7


Dungeon Overview and Level Annotations

Branches:
Dungeon (5/15)
 Temple: D:4-7

Altars:
Ashenzari
The Shining One


Innate Abilities, Weirdness & Mutations

Your plain brown scales are hard. (AC +6)
You cannot fit into any form of body armour.
You are cold-blooded and may be slowed by cold attacks.


Message History

You hit the gnoll but do no damage.
The gnoll looks as sick as possible!
The gnoll is heavily wounded.
The gnoll misses you.
You closely miss the gnoll.
The gnoll is heavily wounded.
The gnoll hits you with a +0 spear. The gnoll hits you but does no damage.
You closely miss the gnoll.
The gnoll is almost dead.
You kill the gnoll!
You start resting.
HP restored.
There is a stone staircase leading up, spattered with blood here.
You can't go down here!
You climb upwards.
The gnoll sergeant hits you from afar with a +2 spear of venom!
You are poisoned.
The gnoll misses you. You block the gnoll sergeant's attack.
There is a stone staircase leading down, spattered with blood here.
You feel very sick. You block the gnoll's attack.
The gnoll sergeant barely misses you.
You hit the gnoll sergeant but do no damage.
The gnoll sergeant is poisoned.
You tail-slap the gnoll sergeant, but do no damage.
You feel very sick.
The gnoll hits you from afar with a +0 halberd.
The gnoll sergeant barely misses you.
You hit the gnoll sergeant but do no damage.
The gnoll sergeant looks as sick as possible!
You tail-slap the gnoll sergeant.
The gnoll sergeant is lightly wounded.
You feel very sick.
The gnoll hits you from afar with a +0 halberd.
The gnoll sergeant hits you with a +2 spear of venom!
* * * LOW HITPOINT WARNING * * *
You are lethally poisoned!
The gnoll sergeant attacks as you move away!
The gnoll sergeant hits you with a +2 spear of venom!
* * * LOW HITPOINT WARNING * * *
You are more poisoned.
You die...

#.#.##...######.# #.⌠.⌠.######
#.#......# ##'###.._..#....#
#.#..##..# ##...##.⌠.⌠.####.#
#.#..##..# ##.....#.....####.#
#........###......###'###.##.#
######...####.........#..#...#.#
#...........'.........'.........
#.####...####...).....####...#.#
#.##....g# ##.@.....## ##.##.#
#.##.###.# ##.(g..## #.....#
#.##.###.#######.g.#############
#.##.#....g...###'###........#..
#........####g# #.# #.######.#.#
####.#.### #.# #.###.##...#.#.#
#.#.######.###.#...##.#...#.#
#.#.##.....g.......##.#####.#
#.#.##.###.#.......##.......#


You could see a gnoll sergeant (extremely poisoned) and a gnoll.

Vanquished Creatures
  A phantom (D:4)
  A jelly (D:5)
  Terence (D:3)
  2 gnolls
  6 adders
  A worm (D:2)
  6 dart slugs
  12 orcs
  6 ball pythons
  11 endoplasms
  4 giant cockroaches
  10 goblins
  4 hobgoblins
  2 bats
  4 frilled lizards
  11 kobolds
  7 rats
89 creatures vanquished.

Vanquished Creatures (others)
  4 plants (D:3)
4 creatures vanquished.

Grand Total: 93 creatures vanquished

Notes
Turn   | Place    | Note
-------+----------+-------------------------------------------
     0 | D:1      | Arctor the Draconian Transmuter began the quest for the
                  | Orb.
     0 | D:1      | Reached XP level 1. HP: 16/16 MP: 3/3
   460 | D:1      | Reached XP level 2. HP: 23/23 MP: 3/5
  1186 | D:2      | Reached XP level 3. HP: 29/29 MP: 6/6
  1200 | D:2      | Learned a level 3 spell: Spider Form
  2060 | D:2      | Reached XP level 4. HP: 31/36 MP: 7/7
  2641 | D:3      | Noticed Terence
  2665 | D:3      | Killed Terence
  4010 | D:4      | Reached XP level 5. HP: 42/42 MP: 7/9
  4660 | D:4      | Found a broken altar of Ashenzari.
  4992 | D:4      | Found a glowing golden altar of the Shining One.
  5004 | D:4      | Noticed a phantom
  5049 | D:4      | Killed a phantom
  5395 | D:5      | Entered Level 5 of the Dungeon
  5412 | D:5      | Reached skill level 4 in Unarmed Combat
  5417 | D:5      | Reached XP level 6. HP: 32/51 MP: 8/10
  5857 | D:4      | Succumbed to a gnoll sergeant's poison

Illustrated notes

Levels and vault maps discovered:
D:1:      spicycebolla_green_bress_n_ham, layout_basic, amethyst_killhole
D:2:      layout_basic, minmay_cupped
D:3:      layout_basic, lexackson_kobold_supper, uniq_terence
D:4:      layout_loops_corners, mainiacjoe_overflow_chevrons,
          kennysheep_little_box, patterned_corridor
D:5:      layout_basic, temple_hall, minmay_hollow_rounded_squares

Skill      XL: |  1  2  3  4  5 |
---------------+----------------+-----
Dodging        | 2 3 |  3.1
Fighting       | 2 3 |  3.1
Transmutations | 3 |  3.3
Spellcasting   | 3 |  3.1
Unarmed Combat | 4 |  4.0

Action                   |  1- 3 |  4- 6 || total
-------------------------+-------+-------++-------
Melee: Unarmed           |   105 |    99 ||   204
       Kick              |    11 |    22 ||    33
       Headbutt          |     5 |    15 ||    20
       Tailslap          |    14 |    29 ||    43
       Dagger            |       |   105 ||   105
 Cast: Beastly Appendage |    13 |    16 ||    29
  Use: Scroll            |     3 |       ||     3
 Stab: Sleeping          |     1 |     4 ||     5
       Distracted        |       |     1 ||     1
Armor: Skin              |    21 |    64 ||    85
Dodge: Dodged            |    54 |   112 ||   166
Block: Buckler           |     8 |    22 ||    30
